 BcadrenCrawl: Boulder Brew version 0.04.2-3-g40356c7de1 (webtiles) character file.

Game seed: 1583060246796136798, levelgen mode: deterministic

236 gruber the Slasher (level 5, -2/45 HPs) Centaur Demonspawn. Began on Apr 27, 2021. Slain by a sewer rat (3 damage) ... on level 2 of the Dungeon. The game lasted 00:02:47 (1116 turns).

gruber the Slasher (Centaur Demonspawn)             Turns: 1116, Time: 00:02:48

Health: -2/45      AC:  6    Str: 19    XL:     5 ^: 42
Magic:  7/7        EV: 10    Int: 13    God:
Gold:   46         SH:  0    Dex:  8    Spells: 5/6 levels left

rFire    . . .     Vision   .   a - +0 long sword
rCold    . . .     Gourm    .   (no weapon)
rNeg     . . .     Faith    .   b - +0 leather armour
rPois    .         Spirit   .   (helmet restricted)
rElec    .         Reflect  .   (no cloak)
rCorr    .         Harm     .   (no gloves)
MR       .....                  (no barding)
Stlth    ++........             (no amulet)
HPRegen  0.25/turn              c - ring of stealth
MPRegen  0.17/turn              (no ring)

@: very quick
A: large, antennae 1, hooves 3, iridescent scales 1, deformed body, speed 2,
tough skin 3, rot immunity
a: no special abilities


You were on level 2 of the Dungeon.
You were very hungry.

You visited 1 branch of the dungeon, and saw 2 of its levels.

You collected 46 gold pieces.

Inventory:

Weapons
 a - a +0 long sword (weapon)
Armour
 b - a +0 leather armour (worn)
Jewellery
 c - a ring of stealth (left hand)
Scrolls
 f - a scroll of fear
 g - a scroll of teleportation
Potions
 e - a potion of ambrosia
Comestibles
 d - 8 rations


   Skills:
 - Level 3.0 Fighting
 * Level 4.1 Long Blades
 - Level 2.1 Dodging
 - Level 1.1 Stealth
 - Level 1.0 Spellcasting
 - Level 1.7 Fire Magic
   Level 2.6 Invocations


You had 5 spell levels left.
You knew the following spells:

 Your Spells              Type           Power        Failure   Level  Hunger
a - Flame Tongue          Fire           5 (30)       14%         1    ##.....

Your spell library contained the following spells:

 Spells                   Type           Power        Failure   Level  Hunger
 Blink                    Tloc           N/A          41%         2    ###....
 Call Imp                 Summ           0 (100)      41%         2    ###....
 Slow                     Hex            0 (100)      41%         2    ###....
 Conjure Flame            Fire           5 (100)      41%         3    ####...
 Mephitic Cloud           Pois/Air       0 (100)      65%         3    ####...


Dungeon Overview and Level Annotations

Branches:
Dungeon (2/8)

Altars:


Innate Abilities, Weirdness & Mutations

You have a pair of small antennae on your head.
You have hooves in place of feet.
You are partially covered in iridescent scales. (AC +2)
Armour fits poorly on your strangely shaped body.
You cover ground very quickly.
You have extremely tough skin. (AC +3)
You are immune to rotting.


Message History

* * * LOW HITPOINT WARNING * * *
The sewer rat bites you (3).
* * * LOW HITPOINT WARNING * * *
You hit the sewer rat (3). You barely miss the sewer rat.
You kick the sewer rat, but do no damage.
The sewer rat is moderately wounded. (8/11) HP The sewer rat bites you but does no damage.
The sewer rat bites you (3).
* * * LOW HITPOINT WARNING * * *
The sewer rat closely misses you (0).
You riposte.
You barely miss the sewer rat. The sewer rat barely misses you (0).
The sewer rat bites you (4).
* * * LOW HITPOINT WARNING * * *
The sewer rat barely misses you (0).
You riposte.
You slash the sewer rat (11)!
You kill the sewer rat!
You hear a splash.
The sewer rat bites you (2).
* * * LOW HITPOINT WARNING * * *
The sewer rat bites you (3).
You die...

##..b..≈≈..#####.###############
≈PP≈≈≈≈≈≈≈≈..b≈≈.≈≈≈≈≈≈≈≈≈....≈≈.
PPPP≈≈≈≈≈≈..≈.≈≈.≈≈≈≈≈≈≈≈≈≈.≈P≈≈P
≈≈≈≈≈≈≈≈≈≈.≈..≈≈≈≈≈≈≈b≈≈≈≈≈..≈≈≈≈
≈≈≈≈≈≈≈≈≈..b.b≈≈≈≈≈≈≈≈≈≈≈≈≈≈.≈≈≈≈
≈≈≈≈≈≈≈≈≈.≈;≈≈≈≈≈≈≈≈≈≈≈≈≈≈≈≈≈≈≈≈≈
≈≈≈≈.b≈≈≈..≈≈≈b≈≈≈≈≈≈P≈≈≈≈≈≈≈≈≈≈≈
≈≈≈..≈≈≈≈≈.≈.≈≈†rr..bP≈≈≈≈≈≈.≈≈≈≈
≈≈≈.≈≈≈≈≈≈..≈..r@r≈.P..PP...≈...≈
###..≈≈≈≈≈≈≈######≈######..#.##.#
##..†≈≈≈≈≈≈.# ### ##≈≈≈≈.†#
.≈...≈≈..≈r)# ##.#≈.≈#
..##.≈..≈≈r.# ###>.## ≈#
#...≈b≈≈r# #≈≈## # #≈≈≈≈≈≈≈≈#
##≈.# #≈≈≈≈≈≈≈≈≈. ##≈≈#
#≈;≈≈≈≈≈≈#.. ##.≈##


You could see 4 sewer rats and a neutral slimehead (wandering) (passive).

Vanquished Creatures
  3 jellies (D:2)
  2 giant cockroaches
  An adder (D:2)
  5 sewer rats (D:2)
  3 cinder newts
  A worm (D:2)
  An ooze (D:2)
  A dart slug (D:1)
  2 leopard geckos
  A gnoll skeleton (D:2)
  3 goblins (D:1)
  6 hobgoblins (D:1)
  A ball python (D:2)
  2 kobolds (D:1)
  An orc skeleton (D:2)
  A quokka skeleton (D:2)
  6 rats (D:1)
  A withered plant (D:2)
41 creatures vanquished.

Vanquished Creatures (others)
  51 withered plants (D:2)
51 creatures vanquished.

Grand Total: 92 creatures vanquished

Notes
Turn   | Place    | Note
-------+----------+-------------------------------------------
     0 | D:1      | gruber the Centaur Demonspawn began the quest for the Orb.
     0 | D:1      | Reached XP level 1. HP: 15/15 MP: 2/2
    30 | D:1      | Reached skill level 2 in Long Blades
   113 | D:1      | Gained mutation: You are immune to rotting. [demonic
                  | ancestry]
   113 | D:1      | Reached XP level 2. HP: 21/22 MP: 4/4
   182 | D:1      | Reached skill level 3 in Long Blades
   188 | D:1      | Reached skill level 1 in Fighting
   188 | D:1      | Gained mutation: You are partially covered in iridescent
                  | scales. (AC +2) [demonic ancestry]
   188 | D:1      | Reached XP level 3. HP: 21/28 MP: 5/5
   810 | D:2      | Gained mutation: You have a pair of small antennae on your
                  | head. [demonic ancestry]
   810 | D:2      | Reached XP level 4. HP: 26/36 MP: 6/6
   960 | D:2      | Reached XP level 5. HP: 35/45 MP: 7/7
  1115 | D:2      | Reached skill level 4 in Long Blades
  1116 | D:2      | HP: 1/45 [sewer rat (2)]
  1116 | D:2      | Slain by a sewer rat

Levels and vault maps discovered:
D:1:      dpeg_chamrin_arrival_tetris, layout_rooms, serial_forest,
          infiniplex_forest_clump_small, infiniplex_forest_zigzag_2,
          infiniplex_forest_lined_3, infiniplex_forest_lined_room_,
          infiniplex_forest_diagonal, infiniplex_forest_lined_4_way,
          infiniplex_forest_clump_medium
D:2:      layout_sewer, chequers_temple_overflow_statue_of_worship, first_ration

Skill      XL: |  1  2  3  4  5 |
---------------+----------------+-----
Long Blades    | 2 3 4 |  4.1
Fighting       | 1 2 3 |  3.0
Dodging        | |  2.1
Stealth        | |  1.1
Spellcasting   | |  1.0
Fire Magic     | |  1.7
Invocations    | |  2.6

Action                   |  1- 3 |  4- 6 || total
-------------------------+-------+-------++-------
Melee: Long sword        |   151 |    37 ||   188
       Unarmed           |   131 |    29 ||   160
       Kick              |     1 |     6 ||     7
 Stab: Sleeping          |       |     2 ||     2
Armor: Leather armour    |    61 |    15 ||    76
Dodge: Dodged            |    86 |    46 ||   132
       Rpst.: Long sword |    26 |    17 ||    43
